 Seeded DCSS version 0.31-a0-609-g7bf6ffcfed (webtiles) character file.

Game seed: 3612390645625327883 (custom seed)

253 innerfire43 the Ruffian (level 6, -4/47 HPs)
             Began as a Gnoll Shapeshifter on Aug 21, 2023.
             Slain by an orc priest
             ... wielding a +0 hand axe
              (6 damage)
             ... on level 4 of the Dungeon.
             The game lasted 00:02:39 (2902 turns).

innerfire43 the Ruffian (Gnoll Shapeshifter)        Turns: 2902, Time: 00:02:40

Health: -4/47      AC:  2    Str: 17    XL:     6   Next: 14%
Magic:  8/8        EV: 13    Int:  7    God:
Gold:   1378       SH:  0    Dex: 12    Spells: 8/8 levels left

rFire   . .          .
                       - Unarmed
rCold   . . .        (shield currently unavailable)
rNeg    . . .        a - +0 animal skin
rPois   .            (no helmet)
rElec   .            (no cloak)
rCorr   .            (no gloves)
SInv    .            (no boots)
Will    .....        (no amulet)
Stlth   +            (no ring)
HPRegen 0.27/turn    (no ring)
MPRegen 0.11/turn

%: no passive effects
@: flux-form, glowing
A: glow, contaminating, fangs 1, strong nose, distributed training
a: Begin Untransformation


You were on level 4 of the Dungeon.
You were something dangerously unstable.
You visited 1 branch of the dungeon, and saw 4 of its levels.

You collected 1378 gold pieces.

Inventory:

Armour
 a - a +0 animal skin (worn)
Talismans
 c - a beast talisman
 d - a flux talisman (active)
Scrolls
 g - a scroll of vulnerability {unknown}
 h - 3 scrolls of summoning {unknown}
 l - 2 scrolls of identify
 m - 2 scrolls of teleportation {unknown}
 p - a scroll of poison {unknown}
Potions
 b - 2 potions of lignification
 e - a potion of berserk rage {unknown}
 f - 2 potions of enlightenment
 k - 2 potions of brilliance {unknown}
 n - 2 potions of haste {unknown}
 o - 2 potions of curing {unknown}


   Skills:
 + Level 3.2 Fighting
 + Level 1.8 Short Blades
 + Level 1.8 Long Blades
 + Level 1.8 Axes
 + Level 1.8 Maces & Flails
 + Level 1.8 Polearms
 + Level 1.8 Staves
 + Level 1.8 Ranged Weapons
 + Level 1.8 Throwing
 + Level 1.8 Armour
 + Level 4.9 Dodging
 + Level 1.8 Stealth
 + Level 1.8 Shields
 + Level 6.8 Unarmed Combat
 + Level 1.8 Spellcasting
 + Level 1.4 Conjurations
 + Level 1.4 Hexes
 + Level 1.4 Summonings
 + Level 1.4 Necromancy
 + Level 1.4 Translocations
 + Level 1.4 Transmutations
 + Level 1.4 Fire Magic
 + Level 1.4 Ice Magic
 + Level 1.4 Air Magic
 + Level 1.4 Earth Magic
 + Level 1.4 Poison Magic
 + Level 2.0 Invocations
 + Level 1.8 Evocations
 + Level 6.7 Shapeshifting


You had 8 spell levels left.
You didn't know any spells.
Your spell library contained the following spells:

 Spells                   Type           Power      Damage    Failure   Level
 Stone Arrow              Conj/Erth      4%         3d7       54%         3
 Animate Armour           Summ/Erth      4%         N/A       91%         4
 Lehudib's Crystal Spear  Conj/Erth      1%         10d2      100%        8


Dungeon Overview and Level Annotations

Branches:
Dungeon (4/15)
 Temple: D:4-7

Altars:
Gozag


Innate Abilities, Weirdness & Mutations

You are something dangerously unstable.
You glow with magical radiation, making you easy to see and hit.
Foes you strike become dangerously contaminated with magical radiation.
You are incapable of wielding weapons or throwing items.
You have very sharp teeth.
Your uncanny sense of smell can sniff out nearby items.
Your experience applies equally to all skills.


Message History

You hit the orc.
The orc begins to glow.
The orc is heavily wounded.
The orc hits you with a +0 short sword.
You hit the orc.
You kill the orc!
You hit the orc priest.
The orc priest begins to glow.
The orc priest is moderately wounded.
The orc priest hits you with a +0 morningstar!
You hit the orc priest.
The orc priest glows dangerously bright.
The orc priest is heavily wounded.
The orc priest hits you but does no damage.
Unknown command.
You hit the orc priest.
The orc priest shudders as magic cascades through it!
You kill the orc priest!
You have reached level 6!
You hit the endoplasm.
The endoplasm begins to glow.
The endoplasm is heavily wounded.
The endoplasm freezes you.
You are frozen.
Unknown command.
You hit the endoplasm.
The endoplasm glows dangerously bright.
The endoplasm is severely wounded.
Unknown command.
You hit the endoplasm.
The endoplasm shudders as magic cascades through it.
You kill the endoplasm!
You hit the orc priest.
The orc priest begins to glow.
The orc priest is lightly wounded.
The orc priest hits you with a +0 hand axe.
The gnoll hits you from afar with a +0 halberd of freezing!
* * * LOW HITPOINT WARNING * * *
The gnoll freezes you.
* * * LOW HITPOINT WARNING * * *
You hit the orc priest.
The orc priest glows dangerously bright.
The orc priest is moderately wounded.
The orc priest hits you with a +0 hand axe.
You die...

###......#..
..r.g....#. ∆
...!....
.o...# #r..#
#.o.# #...#
######.##
#..Bogr#
#.######
#......#
#..###.##
#.......#####
#......%......
##..<...######
#......##
#......#.#


You could see an orc priest (heavy contam), a gnoll and a quokka.

Vanquished Creatures
  A scorpion (D:3)
  An orc priest (D:4)
  An orc wizard (D:3)
  Robin (D:2)
  6 adders
  A worm (D:3)
  A dart slug (D:2)
  6 orcs
  4 endoplasms
  A giant cockroach (D:2)
  6 goblins
  3 hobgoblins (D:2)
  6 jackals
  6 kobolds
  A quokka (D:2)
  6 ball pythons
  3 bats
  12 frilled lizards
  5 rats
71 creatures vanquished.

Notes
Turn   | Place    | Note
-------+----------+-------------------------------------------
     0 | D:1      | innerfire43 the Gnoll Shapeshifter began the quest for the
                  | Orb.
     0 | D:1      | Reached XP level 1. HP: 17/17 MP: 1/1
   284 | D:1      | Found a faded altar of an unknown god.
   350 | D:1      | Reached XP level 2. HP: 18/23 MP: 2/2
   741 | D:2      | Reached XP level 3. HP: 26/28 MP: 3/3
   785 | D:2      | Reached skill level 1 in Invocations
  1126 | D:2      | Reached skill level 1 in Short Blades
  1126 | D:2      | Reached skill level 1 in Long Blades
  1126 | D:2      | Reached skill level 1 in Axes
  1126 | D:2      | Reached skill level 1 in Maces & Flails
  1126 | D:2      | Reached skill level 1 in Polearms
  1126 | D:2      | Reached skill level 1 in Staves
  1126 | D:2      | Reached skill level 1 in Ranged Weapons
  1126 | D:2      | Reached skill level 1 in Throwing
  1126 | D:2      | Reached skill level 1 in Armour
  1126 | D:2      | Reached skill level 1 in Stealth
  1126 | D:2      | Reached skill level 1 in Shields
  1126 | D:2      | Reached skill level 1 in Spellcasting
  1126 | D:2      | Reached skill level 1 in Evocations
  1192 | D:2      | Reached XP level 4. HP: 26/34 MP: 5/5
  1436 | D:2      | Noticed Robin
  1448 | D:2      | Killed Robin
  1449 | D:2      | Reached skill level 1 in Conjurations
  1449 | D:2      | Reached skill level 1 in Hexes
  1449 | D:2      | Reached skill level 1 in Summonings
  1449 | D:2      | Reached skill level 1 in Necromancy
  1449 | D:2      | Reached skill level 1 in Translocations
  1449 | D:2      | Reached skill level 1 in Transmutations
  1449 | D:2      | Reached skill level 1 in Fire Magic
  1449 | D:2      | Reached skill level 1 in Ice Magic
  1449 | D:2      | Reached skill level 1 in Air Magic
  1449 | D:2      | Reached skill level 1 in Earth Magic
  1449 | D:2      | Reached skill level 1 in Poison Magic
  1775 | D:3      | Found an opulent altar of Gozag.
  2172 | D:3      | Reached XP level 5. HP: 23/40 MP: 5/7
  2750 | D:3      | Identified a scroll of acquirement
  2750 | D:3      | Acquired 1274 gold pieces
  2898 | D:4      | Reached XP level 6. HP: 25/47 MP: 8/8
  2901 | D:4      | HP: 2/47 [gnoll/+0 halberd of freezing (3)]
  2902 | D:4      | Slain by an orc priest

Illustrated notes

Levels and vault maps discovered:
D:1:      dpeg_arrival_water_temple_mockup, layout_loops_ring,
          chequers_ecumenical_altar_simple_redux,
          hangedman_abyss_or_decor_stabs, chequers_serial_rivers_small_a,
          minmay_lizard_pond
D:2:      layout_loops_ring, minmay_3d_cube, uniq_robin
D:3:      layout_loops_corners, grunt_gozag_statues, minmay_liquid_box
D:4:      layout_basic, mainiacjoe_overflow_concentric_impassable,
          grunt_dithmenos_smoke, serial_shops, nicolae_shop_tiny_real_fake_doors

Skill      XL: |  1  2  3  4  5 |
---------------+----------------+-----
Invocations    | 1 2 |  2.0
Short Blades   | 1 |  1.8
Long Blades    | 1 |  1.8
Axes           | 1 |  1.8
Maces & Flails | 1 |  1.8
Polearms       | 1 |  1.8
Staves         | 1 |  1.8
Ranged Weapons | 1 |  1.8
Throwing       | 1 |  1.8
Armour         | 1 |  1.8
Stealth        | 1 |  1.8
Shields        | 1 |  1.8
Spellcasting   | 1 |  1.8
Evocations     | 1 |  1.8
Conjurations   | 1 |  1.4
Hexes          | 1 |  1.4
Summonings     | 1 |  1.4
Necromancy     | 1 |  1.4
Translocations | 1 |  1.4
Transmutations | 1 |  1.4
Fire Magic     | 1 |  1.4
Ice Magic      | 1 |  1.4
Air Magic      | 1 |  1.4
Earth Magic    | 1 |  1.4
Poison Magic   | 1 |  1.4
Fighting       | 3 |  3.2
Dodging        | |  4.9
Unarmed Combat | |  6.8
Shapeshifting  | |  6.7

Action                     |  1- 3 |  4- 6 || total
---------------------------+-------+-------++-------
  Melee: Unarmed           |    85 |   159 ||   244
         Bite              |     6 |    13 ||    19
    Use: Scroll            |     1 |     2 ||     3
 Armour: Animal skin       |    10 |    25 ||    35
  Dodge: Dodged            |    60 |   119 ||   179
   Form: Flux              |     1 |       ||     1

Table legend: (Time is in decaauts)
 A = Elapsed time spent in this place.
 B = Non-inter-level travel time spent in this place.
 C = Inter-level travel time spent in this place.
 D = Time resting spent in this place.
 E = Time spent auto-exploring this place.
 F = Levels seen in this place.
 G = Mean time per level.
                   A        B        C        D        E       F      G
               +--------+--------+--------+--------+--------+-----+--------+
         Total |   2875 |   2662 |    213 |      0 |   2241 |   4 |  718.8 |
       Dungeon |   2875 |   2662 |    213 |      0 |   2241 |   4 |  718.8 |
               +--------+--------+--------+--------+--------+-----+--------+

Top non-repeatable levels by time:
     D:3: 1180 daAuts
     D:2: 929 daAuts
     D:1: 730 daAuts
     D:4: 35 daAuts
